[Event "AUT-ch U14 Boys 2022"]
[Site "Sankt Veit an der Glan"]
[Date "2022.04.10"]
[Round "1"]
[White "Leitgeb, Julian"]
[Black "Pavlov, Alexander"]
[Result "1-0"]
[ECO "C65"]
[WhiteElo "2004"]
[BlackElo "1751"]
[Annotator "NA RC"]
[PlyCount "99"]
[EventDate "2022.04.11"]
[EventType "swiss"]
[EventCountry "AUT"]
[SourceTitle "playchess.com"]
[Source "ChessBase"]
[SourceQuality "1"]
[TimeControl "5400+30"]

1. e4 e5 2. Nf3 Nc6 3. Bb5 Nf6 4. d3 Ne7 5. O-O Ng6 6. c3 c6 7. Ba4 Be7 8. Re1 O-O 9. Nbd2 Kh8 10. Nf1 a5 11. Ng3 d6 12. h3 h6 13. Bc2 Nh7 14. d4 Ng5 15. Nf5 Nxf3+ 16. Qxf3 Nh4 17. Qh5 Nxf5 18. exf5 Bg5 19. Bxg5 Qxg5 20. Qxg5 hxg5 21. dxe5 Re8 22. exd6 Bd7 23. g4 Kg8 24. a3 Kf8 25. Bb3 a4 26. Ba2 b5 27. Kf1 Rad8 28. Rxe8+ Bxe8 29. Rd1 c5 30. f3 c4 31. Bb1 Bd7 32. Be4 Re8 33. Kf2 Re5 34. Ke3 Ke8 35. Rd5 f6 36. Rxe5+ fxe5 37. Bd5 Bc8 38. Ke4 b4 39. axb4 a3 40. bxa3 g6 41. fxg6 Bb7 42. Bxb7 Kd7 43. g7 Kxd6 44. g8=Q Ke7 45. Bd5 Kd6 46. Qe6+ Kc7 47. Qc6+ Kd8 48. Kf5 Ke7 49. Qc7+ Kf8 50. Qf7# 1-0

[Event "AUT-ch U14 Boys 2022"]
[Site "Sankt Veit an der Glan"]
[Date "2022.04.10"]
[Round "1"]
[White "Jetzl, Julian"]
[Black "Stadlbauer, Maximilian"]
[Result "1-0"]
[ECO "D36"]
[WhiteElo "1868"]
[BlackElo "1450"]
[Annotator "NA RC"]
[PlyCount "85"]
[EventDate "2022.04.11"]
[EventType "swiss"]
[EventCountry "AUT"]
[SourceTitle "playchess.com"]
[Source "ChessBase"]
[SourceQuality "1"]
[TimeControl "5400+30"]

1. d4 d5 2. c4 e6 3. Nc3 Nf6 4. cxd5 exd5 5. Bg5 Be7 6. e3 c6 7. Bd3 Nbd7 8. Nge2 O-O 9. Qc2 Re8 10. O-O Nf8 11. Rad1 Bg4 12. f3 Bh5 13. e4 dxe4 14. fxe4 Bg6 15. Bxf6 Bxf6 16. e5 Be7 17. Qb3 Qb6 18. Bxg6 Qxb3 19. Bxh7+ Nxh7 20. axb3 Rad8 21. Ne4 Ng5 22. N2c3 Nxe4 23. Nxe4 Rd5 24. Nc3 Rd7 25. Rd3 Red8 26. Rfd1 Bc5 27. Ne2 Bb6 28. Kf2 c5 29. Ke3 cxd4+ 30. Ke4 Re7 31. Nxd4 Bxd4 32. Rxd4 Rde8 33. Rd5 f6 34. Kf5 Rxe5+ 35. Kg6 Re2 36. R1d2 R2e4 37. R5d4 R4e5 38. h4 Kf8 39. Rd7 R5e7 40. Rxe7 Kxe7 41. Re2+ Kd7 42. Rxe8 Kxe8 43. Kxg7 1-0

[Event "AUT-ch U14 Boys 2022"]
[Site "Sankt Veit an der Glan"]
[Date "2022.04.10"]
[Round "1"]
[White "Wimmer, Michael"]
[Black "Schwarz, Felix"]
[Result "1-0"]
[ECO "C08"]
[WhiteElo "1753"]
[BlackElo "1831"]
[Annotator "NA RC"]
[PlyCount "67"]
[EventDate "2022.04.11"]
[EventType "swiss"]
[EventCountry "AUT"]
[SourceTitle "playchess.com"]
[Source "ChessBase"]
[SourceQuality "1"]
[TimeControl "5400+30"]

1. e4 e6 2. d4 d5 3. Nd2 c5 4. exd5 exd5 5. Ngf3 Nf6 6. Bb5+ Bd7 7. Bxd7+ Nbxd7 8. O-O Be7 9. dxc5 Nxc5 10. Nb3 O-O 11. Be3 b6 12. Re1 Nxb3 13. axb3 Ng4 14. Bd4 Bf6 15. h3 Bxd4 16. Nxd4 Nf6 17. Qd3 Re8 18. b4 Qd7 19. b5 Rxe1+ 20. Rxe1 Re8 21. Rd1 Ne4 22. Nc6 Re6 23. c4 Rd6 24. cxd5 Nf6 25. Qc4 h6 26. Nb4 Ne8 27. Nc6 Nf6 28. Ne5 Qf5 29. f4 Ne4 30. Re1 Nc5 31. b4 Na4 32. Nc6 Kh7 33. Ne7 Qf6 34. Qc8 1-0

[Event "AUT-ch U14 Boys 2022"]
[Site "Sankt Veit an der Glan"]
[Date "2022.04.10"]
[Round "1"]
[White "Wohlgenannt, Nicolas"]
[Black "Ernst, Robert"]
[Result "0-1"]
[ECO "B47"]
[WhiteElo "1692"]
[BlackElo "1792"]
[Annotator "NA RC"]
[PlyCount "54"]
[EventDate "2022.04.11"]
[EventType "swiss"]
[EventCountry "AUT"]
[SourceTitle "playchess.com"]
[Source "ChessBase"]
[SourceQuality "1"]
[TimeControl "5400+30"]

1. e4 c5 2. Nf3 e6 3. d4 cxd4 4. Nxd4 Nc6 5. Nc3 Qc7 6. f3 a6 7. Be3 b5 8. Qd2 Ne5 9. Bf4 Nf6 10. a4 b4 11. Nce2 d5 12. Ng3 Bb7 13. O-O-O Be7 14. Re1 dxe4 15. Nb3 Rd8 16. Qe3 O-O 17. Nxe4 Nd5 18. Bxe5 Qxe5 19. Qa7 Rd7 20. Nbc5 Bxc5 21. Qxc5 f5 22. f4 Qxf4+ 23. Nd2 Rc8 24. Qg1 Rdc7 25. Bd3 b3 26. c3 Nxc3 27. bxc3 Rxc3+ 0-1

[Event "AUT-ch U14 Boys 2022"]
[Site "Sankt Veit an der Glan"]
[Date "2022.04.10"]
[Round "1"]
[White "Gruenwald, Simon"]
[Black "Puschnig, Jason"]
[Result "1-0"]
[ECO "C54"]
[WhiteElo "1584"]
[BlackElo "1721"]
[Annotator "NA RC"]
[PlyCount "71"]
[EventDate "2022.04.11"]
[EventType "swiss"]
[EventCountry "AUT"]
[SourceTitle "playchess.com"]
[Source "ChessBase"]
[SourceQuality "1"]
[TimeControl "5400+30"]

1. e4 e5 2. Nf3 Nc6 3. Bc4 Bc5 4. c3 Nf6 5. d4 exd4 6. e5 d5 7. Bb5 Ne4 8. cxd4 Bb4+ 9. Bd2 Bxd2+ 10. Nbxd2 Bd7 11. O-O O-O 12. Bxc6 Bxc6 13. Re1 Re8 14. Qb3 Qd7 15. Qe3 Qf5 16. Nxe4 dxe4 17. Nd2 Qg4 18. Nxe4 f5 19. Qg3 Rad8 20. Qxg4 fxg4 21. Rad1 Rf8 22. Nc3 Bd5 23. Nb5 c6 24. Nd6 Rd7 25. b4 Bxa2 26. Ra1 Bd5 27. Rxa7 Rf4 28. Rd1 Bb3 29. Rd2 h6 30. Rxb7 Rxb7 31. Nxb7 Re4 32. f3 gxf3 33. gxf3 Rf4 34. Kf2 Bd5 35. Rd3 c5 36. Nxc5 1-0

[Event "AUT-ch U14 Boys 2022"]
[Site "Sankt Veit an der Glan"]
[Date "2022.04.10"]
[Round "1"]
[White "Winkelbauer, Christian"]
[Black "Standhartinger, Joachim"]
[Result "1-0"]
[ECO "A36"]
[WhiteElo "1577"]
[BlackElo "1729"]
[Annotator "NA RC"]
[PlyCount "103"]
[EventDate "2022.04.11"]
[EventType "swiss"]
[EventCountry "AUT"]
[SourceTitle "playchess.com"]
[Source "ChessBase"]
[SourceQuality "1"]
[TimeControl "5400+30"]

1. c4 c5 2. g3 g6 3. Bg2 Bg7 4. Nc3 Nc6 5. d3 d6 6. e4 Nf6 7. Nge2 O-O 8. O-O Rb8 9. h3 a6 10. f4 Bd7 11. a4 Nb4 12. Rb1 b5 13. axb5 axb5 14. b3 Ne8 15. f5 Nc7 16. g4 Nc6 17. Be3 Ne5 18. Nd5 e6 19. Nxc7 Qxc7 20. f6 Bh8 21. g5 Rfd8 22. Bf4 Nc6 23. Nc3 Nd4 24. Rf2 h6 25. h4 h5 26. Ra2 e5 27. Be3 Bg4 28. Qf1 b4 29. Nd5 Qd7 30. Bxd4 exd4 31. Rba1 Kf8 32. Ra7 Rb7 33. R7a6 Qe6 34. Rc6 Qe5 35. Qf4 Qe6 36. Bf3 Bxf3 37. Qxf3 Qd7 38. Raa6 Ra7 39. Qg3 Rda8 40. Rxa7 Rxa7 41. Qxd6+ Qxd6 42. Rxd6 Ke8 43. Rc6 Ra5 44. Rc8+ Kd7 45. Rxh8 Ra3 46. Rh7 Rxb3 47. Rxf7+ Ke8 48. Re7+ Kf8 49. Nc7 Rb1+ 50. Kg2 Rd1 51. Ne6+ Kg8 52. f7+ 1-0

[Event "AUT-ch U14 Boys 2022"]
[Site "Sankt Veit an der Glan"]
[Date "2022.04.10"]
[Round "1"]
[White "Gan-Erdene, Ganbat"]
[Black "Guba, Viktor"]
[Result "0-1"]
[ECO "B23"]
[WhiteElo "1526"]
[BlackElo "1598"]
[Annotator "NA RC"]
[PlyCount "86"]
[EventDate "2022.04.11"]
[EventType "swiss"]
[EventCountry "AUT"]
[SourceTitle "playchess.com"]
[Source "ChessBase"]
[SourceQuality "1"]
[TimeControl "5400+30"]

1. e4 c5 2. f4 Nc6 3. Nf3 e6 4. Bb5 Nge7 5. Nc3 d5 6. d3 d4 7. Ne2 Qa5+ 8. Nc3 dxc3 9. Bxc6+ Nxc6 10. bxc3 g6 11. O-O Bg7 12. e5 O-O 13. Bb2 Rd8 14. a3 Qc7 15. Qe2 b6 16. Rad1 Ba6 17. Rd2 Rd7 18. Rfd1 Re8 19. Qf2 Red8 20. Ng5 h6 21. Ne4 c4 22. d4 Ne7 23. Nd6 Bb7 24. Rb1 a6 25. Ba1 Nc8 26. Nxc8 Rxc8 27. Qe2 Bd5 28. Rb4 f6 29. Qf1 fxe5 30. fxe5 Rf7 31. Rf2 b5 32. Rb1 Rcf8 33. Rxf7 Qxf7 34. Bb2 Qxf1+ 35. Rxf1 Rxf1+ 36. Kxf1 h5 37. Bc1 Kh7 38. g3 Bh6 39. Bf4 g5 40. Be3 g4 41. Bf4 Bxf4 42. gxf4 Kg6 43. Kf2 Kf5 0-1

[Event "AUT-ch U14 Boys 2022"]
[Site "Sankt Veit an der Glan"]
[Date "2022.04.10"]
[Round "1"]
[White "Roessler, Felix"]
[Black "Nguyen, Le Minh Phu"]
[Result "0-1"]
[ECO "E43"]
[WhiteElo "1512"]
[BlackElo "2080"]
[Annotator "NA RC"]
[PlyCount "62"]
[EventDate "2022.04.11"]
[EventType "swiss"]
[EventCountry "AUT"]
[SourceTitle "playchess.com"]
[Source "ChessBase"]
[SourceQuality "1"]
[TimeControl "5400+30"]

1. d4 Nf6 2. c4 e6 3. Nc3 Bb4 4. Nf3 b6 5. e3 Bb7 6. Bd3 Ne4 7. Qc2 f5 8. O-O Bxc3 9. bxc3 O-O 10. Nd2 Nxd2 11. Bxd2 d6 12. Rfe1 Qh4 13. Re2 Nd7 14. f4 Nf6 15. Rf1 c5 16. Be1 Qh5 17. h3 Ne4 18. Bxe4 Bxe4 19. Qd2 d5 20. cxd5 exd5 21. Bg3 c4 22. Ra1 Rf6 23. Kh2 Re8 24. Rf2 Ree6 25. Rg1 Rh6 26. Qe2 Qe8 27. Qd2 Qe7 28. Re1 Reg6 29. Rg1 Rxg3 30. Kxg3 Qh4+ 31. Kh2 Bxg2 0-1

[Event "AUT-ch U14 Boys 2022"]
[Site "Sankt Veit an der Glan"]
[Date "2022.04.10"]
[Round "1"]
[White "Feiertag, Jonas"]
[Black "Geroe, Leonhard"]
[Result "0-1"]
[ECO "B23"]
[WhiteElo "1289"]
[BlackElo "1935"]
[Annotator "NA RC"]
[PlyCount "38"]
[EventDate "2022.04.11"]
[EventType "swiss"]
[EventCountry "AUT"]
[SourceTitle "playchess.com"]
[Source "ChessBase"]
[SourceQuality "1"]
[TimeControl "5400+30"]

1. e4 c5 2. Nc3 Nc6 3. f4 e6 4. Nf3 d5 5. Bb5 Nge7 6. e5 Bd7 7. d3 Nf5 8. Bxc6 Bxc6 9. d4 Qb6 10. Ne2 Bb5 11. c3 Bxe2 12. Qxe2 cxd4 13. Nxd4 Nxd4 14. cxd4 Qxd4 15. Qb5+ Kd8 16. Qxb7 Bb4+ 17. Kf1 Rc8 18. Qb5 a6 19. Qe2 Rxc1+ 0-1

[Event "AUT-ch U14 Boys 2022"]
[Site "Sankt Veit an der Glan"]
[Date "2022.04.10"]
[Round "1"]
[White "Kienboeck, Samuel"]
[Black "Haselsberger, Armin"]
[Result "0-1"]
[ECO "B11"]
[WhiteElo "1068"]
[BlackElo "1541"]
[Annotator "NA RC"]
[PlyCount "67"]
[EventDate "2022.04.11"]
[EventType "swiss"]
[EventCountry "AUT"]
[SourceTitle "playchess.com"]
[Source "ChessBase"]
[SourceQuality "1"]
[TimeControl "5400+30"]

1. e4 c6 2. d3 d5 3. Nc3 d4 4. Nce2 Bg4 5. h3 Bh5 6. g4 Bg6 7. Bf4 c5 8. Nf3 Nc6 9. c3 a6 10. Ne5 Rc8 11. Qa4 Qb6 12. cxd4 Qxb2 13. Rc1 Qb4+ 14. Qxb4 Nxb4 15. Rxc5 Rxc5 16. dxc5 e6 17. Nc3 Bxc5 18. Na4 Bd4 19. Nc4 b5 20. Nd6+ Kd7 21. a3 Nc6 22. Ke2 bxa4 23. Bg2 e5 24. Bxe5 Bxe5 25. Nc4 Nge7 26. Nxe5+ Nxe5 27. f4 N5c6 28. f5 Rb8 29. Ke3 Rb3 30. fxg6 Nxg6 31. Rf1 Nge5 32. Rf5 Rxd3+ 33. Kf4 Ke6 34. Bf1 0-1

[Event "AUT-ch U14 Boys 2022"]
[Site "Sankt Veit an der Glan"]
[Date "2022.04.10"]
[Round "2"]
[White "Nguyen, Le Minh Phu"]
[Black "Gruenwald, Simon"]
[Result "1-0"]
[ECO "D10"]
[WhiteElo "2080"]
[BlackElo "1584"]
[Annotator "NA RC"]
[PlyCount "81"]
[EventDate "2022.04.11"]
[EventType "swiss"]
[EventCountry "AUT"]
[SourceTitle "playchess.com"]
[Source "ChessBase"]
[SourceQuality "1"]
[TimeControl "5400+30"]

1. d4 d5 2. c4 c6 3. Nc3 Nf6 4. cxd5 cxd5 5. Bf4 Qb6 6. Qd2 Nc6 7. e3 a6 8. Rc1 e6 9. Bd3 Be7 10. Nf3 O-O 11. O-O Bd7 12. Na4 Qb4 13. Nc5 Qxd2 14. Nxd2 Nb4 15. Nxd7 Nxd3 16. Nxf8 Nxc1 17. Rxc1 Kxf8 18. h3 Ne8 19. Nb3 Bd6 20. Be5 Bxe5 21. dxe5 Ke7 22. Kf1 Kd8 23. Nc5 b6 24. Na4 b5 25. Nc5 a5 26. Ke2 Ra7 27. Kd3 Nc7 28. f4 Na6 29. Nxa6 Rxa6 30. Rc5 Rb6 31. b3 Kd7 32. g4 a4 33. b4 h6 34. h4 Rb7 35. h5 g6 36. Kd4 Rb8 37. a3 Rb6 38. Rc2 Rc6 39. Rxc6 Kxc6 40. g5 hxg5 41. h6 1-0

[Event "AUT-ch U14 Boys 2022"]
[Site "Sankt Veit an der Glan"]
[Date "2022.04.10"]
[Round "2"]
[White "Geroe, Leonhard"]
[Black "Maier, Tobias"]
[Result "1-0"]
[ECO "C54"]
[WhiteElo "1935"]
[BlackElo "1388"]
[Annotator "NA RC"]
[PlyCount "53"]
[EventDate "2022.04.11"]
[EventType "swiss"]
[EventCountry "AUT"]
[SourceTitle "playchess.com"]
[Source "ChessBase"]
[SourceQuality "1"]
[TimeControl "5400+30"]

1. e4 e5 2. Nf3 Nc6 3. Bc4 Bc5 4. c3 Nf6 5. d3 d6 6. O-O a6 7. Bb3 Ba7 8. Nbd2 h6 9. Nc4 b5 10. Ne3 Na5 11. Bc2 c5 12. d4 exd4 13. cxd4 O-O 14. Bd2 cxd4 15. Nxd4 Bb7 16. Nef5 Bxe4 17. Bxe4 Nxe4 18. Qg4 Bxd4 19. Bxh6 Bf6 20. Bxg7 Ng5 21. Bxf6 Qxf6 22. f4 Nc4 23. fxg5 Qxb2 24. Ne7+ Kg7 25. Qh5 f5 26. Qg6+ Kh8 27. Qh6# 1-0

[Event "AUT-ch U14 Boys 2022"]
[Site "Sankt Veit an der Glan"]
[Date "2022.04.10"]
[Round "2"]
[White "Schwarz, Felix"]
[Black "Roessler, Felix"]
[Result "1-0"]
[ECO "D45"]
[WhiteElo "1831"]
[BlackElo "1512"]
[Annotator "NA RC"]
[PlyCount "103"]
[EventDate "2022.04.11"]
[EventType "swiss"]
[EventCountry "AUT"]
[SourceTitle "playchess.com"]
[Source "ChessBase"]
[SourceQuality "1"]
[TimeControl "5400+30"]

1. Nf3 d5 2. e3 Nf6 3. c4 c6 4. Nc3 e6 5. d4 Bd6 6. Be2 Nbd7 7. O-O O-O 8. b3 Re8 9. Bb2 Nf8 10. Rc1 Ng6 11. cxd5 exd5 12. Re1 Bg4 13. Nd2 Bxe2 14. Nxe2 Qe7 15. Qc2 Ng4 16. Ng3 Qf6 17. Nf3 Nh4 18. Nxh4 Qxh4 19. h3 Nxe3 20. Rxe3 Rxe3 21. Nf5 Qg5 22. Nxe3 Bf4 23. Re1 Re8 24. Bc1 Re6 25. Qd1 Re4 26. Bd2 h5 27. Nf1 Rxd4 28. Bxf4 Rxf4 29. Ng3 Rh4 30. Qd3 g6 31. Qe3 Qxe3 32. Rxe3 f5 33. Ne2 Re4 34. Rxe4 fxe4 35. Nf4 Kf7 36. Kf1 Kf6 37. Ke2 Kf5 38. g3 h4 39. Ng2 hxg3 40. fxg3 a5 41. Ne3+ Ke5 42. Ng4+ Kf5 43. Nh6+ Kg5 44. Nf7+ Kf6 45. Nd8 b5 46. Nxc6 a4 47. Na7 axb3 48. axb3 g5 49. Nxb5 Ke5 50. b4 d4 51. Nxd4 Kxd4 52. h4 1-0

[Event "AUT-ch U14 Boys 2022"]
[Site "Sankt Veit an der Glan"]
[Date "2022.04.10"]
[Round "2"]
[White "Ernst, Robert"]
[Black "Radnaev, Nomin"]
[Result "1-0"]
[ECO "E40"]
[WhiteElo "1792"]
[BlackElo "1766"]
[Annotator "NA RC"]
[PlyCount "29"]
[EventDate "2022.04.11"]
[EventType "swiss"]
[EventCountry "AUT"]
[SourceTitle "playchess.com"]
[Source "ChessBase"]
[SourceQuality "1"]
[TimeControl "5400+30"]

1. d4 Nf6 2. c4 e6 3. Nc3 Bb4 4. e3 Bxc3+ 5. bxc3 b6 6. Qf3 c6 7. Ba3 Bb7 8. Bd6 Na6 9. Rb1 Qc8 10. Qg3 Rg8 11. Bd3 h6 12. e4 c5 13. e5 Ne4 14. Bxe4 Bxe4 15. Qh4 1-0

[Event "AUT-ch U14 Boys 2022"]
[Site "Sankt Veit an der Glan"]
[Date "2022.04.10"]
[Round "2"]
[White "Pavlov, Alexander"]
[Black "Winkelbauer, Christian"]
[Result "1-0"]
[ECO "C11"]
[WhiteElo "1751"]
[BlackElo "1577"]
[Annotator "NA RC"]
[PlyCount "33"]
[EventDate "2022.04.11"]
[EventType "swiss"]
[EventCountry "AUT"]
[SourceTitle "playchess.com"]
[Source "ChessBase"]
[SourceQuality "1"]
[TimeControl "5400+30"]

1. e4 e6 2. d4 d5 3. Nc3 Nf6 4. e5 Nfd7 5. Nf3 c5 6. dxc5 Bxc5 7. Bd3 Nc6 8. Bf4 O-O 9. Bxh7+ Kh8 10. Bd3 Be7 11. Ng5 g6 12. Qg4 Kg8 13. Qh4 Bxg5 14. Bxg5 Qe8 15. Bf6 Nxf6 16. exf6 Ne5 17. Qh6 1-0

[Event "AUT-ch U14 Boys 2022"]
[Site "Sankt Veit an der Glan"]
[Date "2022.04.10"]
[Round "2"]
[White "Standhartinger, Joachim"]
[Black "Gan-Erdene, Ganbat"]
[Result "1/2-1/2"]
[ECO "C54"]
[WhiteElo "1729"]
[BlackElo "1526"]
[Annotator "NA RC"]
[PlyCount "94"]
[EventDate "2022.04.11"]
[EventType "swiss"]
[EventCountry "AUT"]
[SourceTitle "playchess.com"]
[Source "ChessBase"]
[SourceQuality "1"]
[TimeControl "5400+30"]

1. e4 e5 2. Nf3 Nc6 3. Bc4 Bc5 4. O-O d6 5. c3 Bg4 6. d3 Nf6 7. Nbd2 O-O 8. h3 Bxf3 9. Nxf3 h6 10. Re1 Re8 11. a4 a5 12. Qb3 Qd7 13. Be3 Bxe3 14. Rxe3 Na7 15. Nh4 c6 16. Qd1 d5 17. exd5 cxd5 18. Bb3 Rad8 19. Qf3 Nc6 20. Nf5 e4 21. dxe4 dxe4 22. Qf4 Re5 23. Nxh6+ gxh6 24. Qxf6 Qe7 25. Qxh6 Rg5 26. Rxe4 Rxg2+ 27. Kxg2 Qxe4+ 28. Kg1 Qf5 29. Qe3 Rd3 30. Bc2 Qg6+ 31. Kf1 Rxe3 32. Bxg6 Rxh3 33. Be4 Rh6 34. Rd1 Re6 35. Bd5 Re7 36. Bxc6 bxc6 37. Rd6 Rb7 38. Rxc6 Rxb2 39. Kg2 Kf8 40. Kf3 Ke7 41. Ke3 Ra2 42. Rc4 Kd6 43. f4 f5 44. Kd3 Kd5 45. Rd4+ Kc5 46. Rc4+ Kd5 47. Rd4+ Kc5 1/2-1/2

[Event "AUT-ch U14 Boys 2022"]
[Site "Sankt Veit an der Glan"]
[Date "2022.04.10"]
[Round "2"]
[White "Puschnig, Jason"]
[Black "Wohlgenannt, Nicolas"]
[Result "0-1"]
[ECO "B13"]
[WhiteElo "1721"]
[BlackElo "1692"]
[Annotator "NA RC"]
[PlyCount "60"]
[EventDate "2022.04.11"]
[EventType "swiss"]
[EventCountry "AUT"]
[SourceTitle "playchess.com"]
[Source "ChessBase"]
[SourceQuality "1"]
[TimeControl "5400+30"]

1. e4 c6 2. Nc3 d5 3. exd5 cxd5 4. d4 Nc6 5. Bf4 Nf6 6. Nf3 Bg4 7. Be2 Qb6 8. Bb5 e6 9. Bxc6+ bxc6 10. b3 Bb4 11. Qd3 Ne4 12. Bd2 Bf5 13. Na4 Bxd2+ 14. Nxd2 Qa5 15. Qe3 Rc8 16. Rd1 c5 17. c3 cxd4 18. Qxd4 O-O 19. O-O Nxc3 20. Nxc3 Rxc3 21. Nf3 Rfc8 22. Nh4 Be4 23. f3 Bc2 24. Rd2 Qc5 25. Rc1 Qxd4+ 26. Rxd4 Kf8 27. Rb4 g5 28. Rb7 R3c7 29. Rxc7 Rxc7 30. Re1 gxh4 0-1

[Event "AUT-ch U14 Boys 2022"]
[Site "Sankt Veit an der Glan"]
[Date "2022.04.10"]
[Round "2"]
[White "Guba, Viktor"]
[Black "Leitgeb, Julian"]
[Result "0-1"]
[ECO "B48"]
[WhiteElo "1598"]
[BlackElo "2004"]
[Annotator "NA RC"]
[PlyCount "60"]
[EventDate "2022.04.11"]
[EventType "swiss"]
[EventCountry "AUT"]
[SourceTitle "playchess.com"]
[Source "ChessBase"]
[SourceQuality "1"]
[TimeControl "5400+30"]

1. e4 c5 2. Nf3 e6 3. d4 cxd4 4. Nxd4 Nc6 5. Nc3 Qc7 6. Be3 a6 7. Qd2 Nf6 8. f3 b5 9. Bd3 Ne5 10. O-O Be7 11. h3 b4 12. Nce2 Bb7 13. Rac1 O-O 14. c4 Rfd8 15. a3 bxa3 16. b3 Bb4 17. Qc2 Rac8 18. Bg5 Qb6 19. Kh1 d5 20. Bxf6 gxf6 21. exd5 Nxd3 22. Qxd3 exd5 23. Qf5 dxc4 24. Qf4 cxb3 25. Nf5 Bf8 26. Nh6+ Bxh6 27. Qxh6 Rxc1 28. Rxc1 b2 29. Rc4 b1=Q+ 30. Kh2 Qd6+ 0-1

[Event "AUT-ch U14 Boys 2022"]
[Site "Sankt Veit an der Glan"]
[Date "2022.04.10"]
[Round "2"]
[White "Haselsberger, Armin"]
[Black "Jetzl, Julian"]
[Result "1/2-1/2"]
[ECO "D77"]
[WhiteElo "1541"]
[BlackElo "1868"]
[Annotator "NA RC"]
[PlyCount "156"]
[EventDate "2022.04.11"]
[EventType "swiss"]
[EventCountry "AUT"]
[SourceTitle "playchess.com"]
[Source "ChessBase"]
[SourceQuality "1"]
[TimeControl "5400+30"]

1. d4 Nf6 2. Nf3 d5 3. c4 e6 4. g3 g6 5. Bg2 Bg7 6. O-O O-O 7. Qc2 Nbd7 8. Re1 Ne4 9. Nbd2 Ndf6 10. Ne5 Nd6 11. e3 c6 12. b3 Nd7 13. Nxd7 Qxd7 14. Bb2 Nf5 15. Rad1 Rd8 16. Nf3 Qc7 17. h3 Rb8 18. Nh2 b6 19. cxd5 exd5 20. Rc1 Bb7 21. b4 Qd7 22. Nf3 Rbc8 23. Qd2 Nd6 24. Bf1 Qe7 25. a3 Ne4 26. Qc2 Qf6 27. Bg2 c5 28. bxc5 bxc5 29. Qa4 a6 30. Ba1 c4 31. Qc2 Qd6 32. a4 a5 33. Rb1 Bc6 34. Ne5 f5 35. Nxc6 Qxc6 36. Bxe4 fxe4 37. Rb5 Bf8 38. Bc3 Ra8 39. Reb1 Rd7 40. Bxa5 Qe6 41. Kh2 Rda7 42. Bb4 Rxa4 43. Bxf8 Kxf8 44. Rb8+ Kg7 45. R8b6 Qf5 46. Rb7+ Kh6 47. R7b2 R4a6 48. Rb6 Ra2 49. R6b2 R2a3 50. Qe2 Rd3 51. h4 Qf6 52. Kh3 Ra6 53. g4 g5 54. hxg5+ Kxg5 55. Rb5 Rd6 56. Rb8 Qh6+ 57. Kg2 Qe6 58. Rh8 Rd7 59. Rh1 Qxg4+ 60. Qxg4+ Kxg4 61. R8xh7 Rxh7 62. Rxh7 Ra3 63. Rc7 Ra5 64. Rc8 Kh4 65. Rh8+ Kg4 66. Rg8+ Kf5 67. Re8 Rb5 68. f3 exf3+ 69. Kxf3 Kf6 70. Kf4 Rb7 71. Rc8 Re7 72. Rc5 Ke6 73. e4 dxe4 74. Re5+ Kd6 75. Kxe4 Rxe5+ 76. dxe5+ Ke6 77. Kd4 c3 78. Kxc3 Kxe5 1/2-1/2

[Event "AUT-ch U14 Boys 2022"]
[Site "Sankt Veit an der Glan"]
[Date "2022.04.10"]
[Round "2"]
[White "Stadlbauer, Maximilian"]
[Black "Kienboeck, Samuel"]
[Result "1/2-1/2"]
[ECO "C50"]
[WhiteElo "1450"]
[BlackElo "1068"]
[Annotator "NA RC"]
[PlyCount "105"]
[EventDate "2022.04.11"]
[EventType "swiss"]
[EventCountry "AUT"]
[SourceTitle "playchess.com"]
[Source "ChessBase"]
[SourceQuality "1"]
[TimeControl "5400+30"]

1. e4 e5 2. Nf3 Nc6 3. Bc4 Bc5 4. d3 h6 5. Nc3 Nf6 6. O-O d6 7. Na4 Bb6 8. Nxb6 axb6 9. c3 Na5 10. Bb3 Nxb3 11. Qxb3 Be6 12. c4 O-O 13. h3 Nd7 14. Be3 Qe7 15. Rfe1 f5 16. exf5 Bxf5 17. Qd1 Rf7 18. Nh2 Raf8 19. Nf1 c5 20. Ng3 Bg6 21. Qg4 Bxd3 22. Rad1 Nf6 23. Qh4 Bg6 24. f4 Ne8 25. Qxe7 Rxe7 26. fxe5 dxe5 27. Bd2 Nd6 28. Bc3 Nxc4 29. b3 Na5 30. Rxe5 Rxe5 31. Bxe5 Nc6 32. Bc7 b5 33. Rd5 b4 34. Rxc5 Bb1 35. Rb5 Bxa2 36. Rxb7 Bxb3 37. Bd6 Rf7 38. Rb6 Bd5 39. Bxb4 Nxb4 40. Rxb4 Kh7 41. Rb2 g6 42. Rd2 Bb7 43. Rf2 Rxf2 44. Kxf2 h5 45. h4 Kg7 46. Ne2 Kf6 47. g3 Ba6 48. Nf4 Bc4 49. Nh3 Kf5 50. Ng5 Bd5 51. Nh3 Kg4 52. Nf4 Be4 53. Ne6 1/2-1/2

[Event "AUT-ch U14 Boys 2022"]
[Site "Sankt Veit an der Glan"]
[Date "2022.04.11"]
[Round "3"]
[White "Leitgeb, Julian"]
[Black "Ernst, Robert"]
[Result "1/2-1/2"]
[ECO "B48"]
[WhiteElo "2004"]
[BlackElo "1792"]
[Annotator "NA RC"]
[PlyCount "77"]
[EventDate "2022.04.11"]
[EventType "swiss"]
[EventCountry "AUT"]
[SourceTitle "playchess.com"]
[Source "ChessBase"]
[SourceQuality "1"]
[TimeControl "5400+30"]

1. e4 c5 2. Nf3 e6 3. d4 cxd4 4. Nxd4 Nc6 5. Nc3 Qc7 6. Be3 a6 7. Qf3 b5 8. Nxc6 dxc6 9. Qg3 Qxg3 10. hxg3 Nf6 11. e5 Nd5 12. Nxd5 exd5 13. a4 b4 14. Bd3 Be6 15. c3 c5 16. cxb4 c4 17. Bc2 Bxb4+ 18. Ke2 Rc8 19. Bd4 a5 20. b3 Ke7 21. Rhc1 Rhd8 22. Ke3 h6 23. f3 Rd7 24. g4 Rdc7 25. Bd1 g5 26. Rab1 Be1 27. Ke2 Bg3 28. Bb6 Rb7 29. bxc4 Rcb8 30. c5 Bxe5 31. Bc2 Bd7 32. Bd3 Bxa4 33. Ba6 Bc6 34. Bxb7 Rxb7 35. Bxa5 Bb5+ 36. Kf2 Kd7 37. Bb6 Kc6 38. Rd1 Bc4 39. g3 1/2-1/2

[Event "AUT-ch U14 Boys 2022"]
[Site "Sankt Veit an der Glan"]
[Date "2022.04.11"]
[Round "3"]
[White "Jetzl, Julian"]
[Black "Geroe, Leonhard"]
[Result "0-1"]
[ECO "D43"]
[WhiteElo "1868"]
[BlackElo "1935"]
[Annotator "NA RC"]
[PlyCount "60"]
[EventDate "2022.04.11"]
[EventType "swiss"]
[EventCountry "AUT"]
[SourceTitle "playchess.com"]
[Source "ChessBase"]
[SourceQuality "1"]
[TimeControl "5400+30"]

1. d4 d5 2. c4 c6 3. Nc3 Nf6 4. Nf3 e6 5. Bg5 h6 6. Bh4 dxc4 7. e4 g5 8. Bg3 b5 9. Be2 Nbd7 10. Qc2 Bb7 11. Rd1 a6 12. O-O Bg7 13. h4 Nh5 14. Be5 Kf8 15. Bd6+ Kg8 16. Ne5 Nf4 17. Nxd7 Qxd7 18. Bxf4 gxf4 19. e5 c5 20. Qd2 f3 21. Bxf3 Bxf3 22. gxf3 Rd8 23. Qf4 cxd4 24. Ne4 Kf8 25. Nd6 Bxe5 26. Qxe5 Rg8+ 27. Kh1 Qxd6 28. Qh5 Qf4 29. Rfe1 Rd5 30. Re4 Qf6 0-1

[Event "AUT-ch U14 Boys 2022"]
[Site "Sankt Veit an der Glan"]
[Date "2022.04.11"]
[Round "3"]
[White "Radnaev, Nomin"]
[Black "Schwarz, Felix"]
[Result "1/2-1/2"]
[ECO "A37"]
[WhiteElo "1766"]
[BlackElo "1831"]
[Annotator "NA RC"]
[PlyCount "85"]
[EventDate "2022.04.11"]
[EventType "swiss"]
[EventCountry "AUT"]
[SourceTitle "playchess.com"]
[Source "ChessBase"]
[SourceQuality "1"]
[TimeControl "5400+30"]

1. c4 c5 2. Nf3 Nc6 3. Nc3 g6 4. g3 Bg7 5. Bg2 d6 6. O-O Bf5 7. d3 Qd7 8. e4 Bg4 9. Nd5 Nd4 10. Rb1 e6 11. Ne3 Nxf3+ 12. Bxf3 Bxf3 13. Qxf3 a5 14. Bd2 Ne7 15. Bc3 O-O 16. Rbd1 Nc6 17. Bxg7 Kxg7 18. h4 h5 19. g4 Nd4 20. Qg2 Qe7 21. g5 f6 22. f4 fxg5 23. fxg5 Rxf1+ 24. Rxf1 Rf8 25. Rf2 Rxf2 26. Qxf2 Qf7 27. Qxf7+ Kxf7 28. Kf2 Nc6 29. Ke2 Nd4+ 30. Kf2 Nc6 31. Nc2 Nb4 32. Nxb4 axb4 33. Ke3 e5 34. Kd2 Ke7 35. Kc2 Kd7 36. Kb3 Kc6 37. a3 bxa3 38. Kxa3 Kb6 39. Ka4 Ka6 40. Ka3 Ka5 41. Kb3 Ka6 42. Ka4 Kb6 43. Kb3 1/2-1/2